 Dungeon Crawl Stone Soup version 0.21.1-1-g345015f (webtiles) character file.

667 Salamander the Cudgeler (level 7, -1/108 HPs)
             Began as a Troll Berserker on July 25, 2018.
             Was a Believer of Trog.
             Succumbed to a killer bee's poison
             ... on level 7 of the Dungeon.
             The game lasted 00:27:59 (2167 turns).

Salamander the Cudgeler (Troll Berserker)           Turns: 2167, Time: 00:28:00

Health: -1/108     AC: 13    Str: 33    XL:     7   Next: 31%
Magic:  2/15       EV:  7    Int:  3    God:    Trog [**....]
Gold:   105        SH:  8    Dex:  9    Spells: 6/6 levels left

rFire    . . .     SeeInvis .   n - +4 flail (protect)
rCold    . . .     Gourm    +   j - +0 shield
rNeg     . . .     Faith    .   b - +0 animal skin
rPois    .         Spirit   +   (helmet restricted)
rElec    .         Reflect  .   h - +0 cloak
rCorr    .         Harm     .   (gloves unavailable)
MR       .....                  (boots unavailable)
Stlth    ..........             a - amulet of guardian spirit
HPRegen  0.68/turn              k - ring of magical power
MPRegen  0.14/turn              (no ring)

@: berserking, lethally poisoned (-1 -> -22), protection aura, drained, very
quick
A: large, unfitting armour, claws 3, fast metabolism 3, gourmand, regeneration
1, shaggy fur 1, tough skin 2
a: Berserk, Trog's Hand, Burn Spellbooks, Renounce Religion


You were on level 7 of the Dungeon.
You worshipped Trog.
Trog was pleased with you.
You were not hungry.

You visited 1 branch of the dungeon, and saw 7 of its levels.

You collected 105 gold pieces.

Inventory:

Hand Weapons
 n - a +4 flail of protection (weapon)
Armour
 b - a +0 animal skin (worn)
 h - a +0 cloak (worn)
 j - a +0 shield (worn)
Jewellery
 a - an amulet of guardian spirit (around neck)
 k - a ring of magical power (left claw)
Wands
 i - a wand of iceblast (6)
Potions
 d - a potion of might
 e - a potion of resistance
 g - a potion of flight {unknown}
Comestibles
 c - 4 rations


   Skills:
 + Level 5.0 Fighting
 + Level 5.9(5.8) Maces & Flails
 - Level 2.8(2.7) Dodging


You had 6 spell levels left.
You didn't know any spells.

Dungeon Overview and Level Annotations

Branches:
Dungeon (7/15)             Temple (0/1) D:6

Altars:


Innate Abilities, Weirdness & Mutations

You are too large for most types of armour.
You have claws for hands.
Your metabolism is lightning-fast.
You like to eat raw meat.
Your natural rate of healing is unusually fast.
You are covered in fur. (AC +1)
You have very tough skin. (AC +2)


Message History

The killer bee stings you but does no damage.
The killer bee barely misses you.
The killer bee stings you but does no damage.
The killer bee stings you!
* * * LOW HITPOINT WARNING * * *
You are more poisoned.
The killer bee poisons you! You block the killer bee's attack.
A red film seems to cover your vision as you go berserk!
You feel yourself moving faster!
You feel mighty!
You feel quite a bit more hungry.
* * * LOW HITPOINT WARNING * * *
You feel very sick. The killer bee stings you.
* * * LOW HITPOINT WARNING * * *
You block the killer bee's attack. The killer bee stings you.
* * * LOW HITPOINT WARNING * * *
You block the killer bee's attack. The killer bee completely misses you.
The killer bee stings you but does no damage. x3
You barely miss the killer bee.
You die...

######## #......#
#......# #....yy#####
#....y@....# #
......y.>...# .
.......#....######.#
.......#.........#.#
.......###.........#
....... #.......###
####.##########.#######
.............[......>#
####.#######.#########


You could see 4 killer bees.

Vanquished Creatures
  Edmund (D:4)
  A water moccasin (D:6)
  2 bullfrogs (D:6)
  2 killer bees (D:7)
  A crimson imp (D:7)
  2 bullfrog skeletons (D:5)
  A worker ant (D:7)
  A hound skeleton (D:4)
  4 gnolls (D:2)
  2 adders
  3 worms
  2 dart slugs (D:1)
  9 bats
  3 giant cockroaches (D:2)
  7 goblins (D:1)
  3 hobgoblins (D:1)
  2 quokkas
  A frilled lizard (D:4)
  4 kobolds
  A leopard gecko skeleton (D:4)
  A rat (D:2)
  A plant (D:1)
54 creatures vanquished.

Notes
Turn   | Place    | Note
-------+----------+-------------------------------------------
     0 | D:1      | Salamander the Troll Berserker began the quest for the Orb.
     0 | D:1      | Reached XP level 1. HP: 22/22 MP: 0/0
   126 | D:1      | Reached XP level 2. HP: 29/29 MP: 1/1
   627 | D:2      | Reached XP level 3. HP: 37/37 MP: 2/2
   703 | D:2      | Reached ** piety under Trog
   750 | D:2      | Reached XP level 4. HP: 30/45 MP: 3/3
  1021 | D:2      | Found a faded altar of an unknown god.
  1282 | D:4      | Noticed Edmund
  1299 | D:4      | Killed Edmund
  1299 | D:4      | Reached XP level 5. HP: 37/54 MP: 4/4
  1504 | D:5      | Entered Level 5 of the Dungeon
  1553 | D:5      | Reached XP level 6. HP: 61/63 MP: 5/5
  1566 | D:5      | You fall through a shaft!
  1662 | D:6      | Found a staircase to the Ecumenical Temple.
  1662 | D:6      | Noticed a water moccasin
  1676 | D:6      | Killed a water moccasin
  1676 | D:6      | Reached skill level 5 in Maces & Flails
  1949 | D:6      | Reached XP level 7. HP: 71/71 MP: 6/6
  2074 | D:7      | Reached skill level 5 in Fighting
  2166 | D:7      | HP: 2/108 [killer bee (4)]
  2167 | D:7      | Succumbed to a killer bee's poison

Skill      XL: |  1  2  3  4  5  6  7 |
---------------+----------------------+-----
Fighting       | 3 4 5 |  5.0
Maces & Flails | 3 4 5 |  5.9
Dodging        | |  2.8

Action                   |  1- 3 |  4- 6 |  7- 9 || total
-------------------------+-------+-------+-------++-------
Melee: Mace              |   142 |    57 |       ||   199
       Flail             |       |    43 |    31 ||    74
Invok: Berserk           |       |     1 |     1 ||     2
       Trog's Hand       |       |     2 |     1 ||     3
  Use: Scroll            |     1 |     5 |     2 ||     8
  Eat: Ration            |     2 |     3 |     1 ||     6
       Chunk             |       |     3 |       ||     3
Armor: Animal skin       |    75 |    54 |    27 ||   156
Dodge: Dodged            |    84 |    39 |    15 ||   138
Block: Shield            |    14 |    49 |    30 ||    93
